 Dungeon Crawl Stone Soup version 0.29.0-13-gc9e81de378 (webtiles) character file.

Game seed: 4531103871782984238

20601 Arum the Fighter (level 13, -5/111 HPs)
             Began as a Formicid Fighter on Sept 9, 2022.
             Was the Champion of Okawaru.
             Killed from afar by Jorgrun (16 damage)
             ... with an iron shot
             ... on level 12 of the Dungeon.
             The game lasted 00:21:07 (14451 turns).

Arum the Fighter (Formicid Fighter)                Turns: 14451, Time: 00:21:08

Health: -5/111     AC: 22    Str: 32    XL:     13   Next: 13%
Magic:  16/16      EV:  8    Int:  9    God:    Okawaru [******]
Gold:   814        SH: 10    Dex: 13    Spells: 12/12 levels left

rFire   . . .      SeeInvis +   J - +10 demon whip of the Sheltering Saviour {venom, rElec rCorr SInv Stlth-}
rCold   . . .      Faith    .   c - +0 buckler
rNeg    + . .      Spirit   .   G - +0 plate armour
rPois   .          Reflect  +   (helmet unavailable)
rElec   +          Harm     .   j - +1 cloak
rCorr   +          Rampage  .   I - +0 pair of gloves
Will    +....                   L - +1 pair of boots "Akaocugh" {Str+7}
Stlth   ..........              i - amulet of reflection
HPRegen 0.28/turn               b - ring of positive energy
MPRegen 0.15/turn               y - ring of the Postmodern Souls {Contam Fly rElec rCorr Slay+2}

@: flying
A: permanent stasis, dig shafts and tunnels, antennae 3, four strong arms
a: Dig, Shaft Self, Renounce Religion, Heroism, Finesse, Duel


You were on level 12 of the Dungeon.
You worshipped Okawaru.
Okawaru was exalted by your worship.
You visited 1 branch of the dungeon, and saw 13 of its levels.

You collected 814 gold pieces.

Inventory:

Hand Weapons
 a - a +0 flail
 o - a +2 spectral giant spiked club
 t - a +4 quarterstaff of chaos
 x - a +0 giant spiked club
 J - the +10 demon whip of the Sheltering Saviour (weapon) {venom, rElec rCorr SInv Stlth-}
   (Okawaru gifted it to you on level 11 of the Dungeon)

   It poisons the flesh of those it strikes.
   rElec:     It insulates you from electricity.
   SInv:      It lets you see invisible.
   rCorr:     It protects you from acid and corrosion.
   Stlth:     It makes you less stealthy.
Missiles
 C - a throwing net
 K - 6 silver javelins
Armour
 c - a +0 buckler (worn)
 j - a +1 cloak (worn)
 G - a +0 plate armour (worn)
 I - a +0 pair of gloves (worn)
 L - the +1 pair of boots "Akaocugh" (worn) {Str+7}
   (Okawaru gifted it to you on level 12 of the Dungeon)

   Str:       It affects your strength (+7).
Jewellery
 b - a ring of positive energy (left hand)
 h - an amulet of the acrobat
 i - an amulet of reflection (around neck)
 y - the ring of the Postmodern Souls (right hand) {Contam Fly rElec rCorr Slay+2}
   (You acquired it on level 6 of the Dungeon)

   [ring of resist corrosion]

   Slay:      It affects your accuracy & damage with ranged weapons and melee
   (+2).
   rElec:     It insulates you from electricity.
   Fly:       It grants you flight.
   Contam:    It causes magical contamination when unequipped.
   rCorr:     It protects you from acid and corrosion.
Wands
 p - a wand of digging (6)
 w - a wand of quicksilver (11)
 B - a wand of roots (2)
Scrolls
 e - 2 scrolls of silence
 f - 2 scrolls of poison
 q - a scroll of immolation
 u - 2 scrolls of vulnerability
 z - a scroll of magic mapping {unknown}
 F - a scroll of fog {unknown}
 H - 2 scrolls of fear
Potions
 d - 2 potions of might
 g - 2 potions of magic
 k - a potion of invisibility {unknown}
 l - 5 potions of resistance
 m - a potion of heal wounds
 n - 3 potions of brilliance
 r - 5 potions of mutation
 v - 3 potions of curing
 A - 2 potions of flight
 D - a potion of lignification
 E - 2 potions of attraction


   Skills:
 + Level 13.3 Fighting
 + Level 10.3(11.1) Maces & Flails
 - Level 6.3(9.2) Staves
 + Level 13.3 Armour
 - Level 4.0 Shields
 - Level 5.0 Invocations


You had 12 spell levels left.
You didn't know any spells.
Your spell library contained the following spells:

 Spells                   Type           Power      Damage    Failure   Level
 Static Discharge         Conj/Air       0%         3-3/arc   99%         2
 Frozen Ramparts          Ice            0%         1d1       100%        3
 Portal Projectile        Hex/Tloc       0%         N/A       100%        3
 Dispel Undead            Necr           0%         3d6       100%        4
 Ice Form                 Ice/Tmut       0%         N/A       100%        4
 Leda's Liquefaction      Hex/Erth       0%         N/A       100%        4
 Sticky Flame             Conj/Fire      0%         2d3       100%        4
 Blade Hands              Tmut           0%         N/A       100%        5
 Lee's Rapid Deconstruct  Erth           0%         3d5*      100%        5
 Statue Form              Tmut/Erth      0%         N/A       100%        6
 Call Canine Familiar     Summ           Unusable   N/A       N/A         3
 Tukima's Dance           Hex            Unusable   N/A       N/A         3
 Summon Ice Beast         Ice/Summ       Unusable   N/A       N/A         4

Dungeon Overview and Level Annotations

Branches:
Dungeon (13/15)            Temple (0/1) D:6            Lair (0/5) D:10
    Orc (0/2) D:11
 Vaults: D:13-14

Altars:
Dithmenos
Fedhas
Gozag
Hepliaklqana
Makhleb
Okawaru
Qazlal
Sif Muna
Vehumet
Xom
Zin

Shops:
D:7 :

Annotations:
D:4 1 runed translucent door, Isauros's ghost, amateur MiHu
D:12 Jorgrun


Innate Abilities, Weirdness & Mutations

You cannot be hasted, slowed, berserked, paralysed or teleported.
You can dig through walls and to a lower floor.
You have a pair of large antennae on your head. (SInv)
Your four strong arms can wield two-handed weapons with a shield.


Message History

You hit Jorgrun but do no damage.
Jorgrun is poisoned.
Unknown command.
You whack Jorgrun!
Jorgrun looks as sick as possible!
Jorgrun is lightly wounded.
Jorgrun casts a spell at you. The iron shot hits you!!!
The purple ugly thing trunk-slaps you but does no damage.
You closely miss Jorgrun.
Jorgrun is lightly wounded.
Unknown command.
You closely miss the purple ugly thing.
The purple ugly thing is heavily wounded.
Jorgrun hits you but does no damage. The purple ugly thing trunk-slaps you.
Unknown command.
You whack Jorgrun!
Jorgrun looks as sick as possible!
Jorgrun is lightly wounded.
Unknown command.
You whack Jorgrun!
Jorgrun is moderately wounded.
The white ugly thing basks in the mutagenic energy from its kin and changes!
Jorgrun casts a spell at you. The iron shot hits you!!
* * * LOW HITPOINT WARNING * * *
The purple ugly thing trunk-slaps you!
* * * LOW HITPOINT WARNING * * *
Jorgrun points next to you and mumbles some strange words.
Some rock shatters into small pieces.
Unknown command.
You feel much better.
The purple ugly thing basks in the mutagenic energy from its kin and changes!
You whack Jorgrun!
Jorgrun looks as sick as possible!
Jorgrun is moderately wounded.
Jorgrun hits you with a +0 vorpal quarterstaff!!
* * * LOW HITPOINT WARNING * * *
x2 Unknown command.
You whack Jorgrun!
Jorgrun looks as sick as possible!
Jorgrun is heavily wounded.
Jorgrun points at you and mumbles some strange words.
The iron shot hits you!
You die...

#.....#.....# #.#....
#.....#.....# #)#.###
#.....#.....#####÷#.###
#.....#......).).......
#............####.#.###
#......#.....~###.#.###
#......#..>............
#........≈.~~≈~~#......
#.....@g≈uu~≈≈~~~##.###
#......~≈≈.~≈~......#
#......#≈~.~≈~......#
#......#.≈.~~~......#
#......#............#
#......'.'..........###
#......###.............
#......# #.........####
######## #.........#


You could see Jorgrun (extremely poisoned) and 2 ugly things.

Vanquished Creatures
  A boulder beetle (D:12)
  A centaur warrior (D:13)
  4 two-headed ogres
  A tengu warrior (D:8)
  Urug (D:11)
  A manticore (D:11)
  A black mamba (shapeshifter) (D:8)
  3 gargoyles
  2 komodo dragons
  2 trolls
  2 hornets
  Grinder (D:3)
  10 slime creatures (D:12)
  A shadow (D:12)
  A wraith (D:12)
  A wyvern (D:11)
  40 yaks
  9 vampire mosquitoes
  A steam dragon (D:7)
  A water moccasin (D:8)
  A sky beast (D:7)
  3 black bears
  2 orc warriors
  4 ogres
  8 centaurs
  A phantom (D:5)
  4 kobold brigands
  3 necrophages
  A gnoll sergeant (D:9)
  2 scorpions
  5 howler monkeys
  4 electric eels (D:12)
  2 hounds
  A jelly (D:6)
  3 orc priests
  Crazy Yiuf (D:2)
  2 gnoll boudas
  Terence (D:3)
  5 iguanas
  9 orc wizards
  15 gnolls
  6 adders
  3 worms
  4 dart slugs
  35 orcs
  10 ball pythons
  8 bats
  3 endoplasms
  9 goblins
  8 hobgoblins
  3 quokkas
  2 frilled lizards (D:1)
  22 kobolds
  12 rats
  A rat zombie (D:3)
287 creatures vanquished.

Vanquished Creatures (others)
  2 kobolds
2 creatures vanquished.

Grand Total: 289 creatures vanquished

Notes
Turn   | Place    | Note
-------+----------+-------------------------------------------
     0 | D:1      | Arum the Formicid Fighter began the quest for the Orb.
     0 | D:1      | Reached XP level 1. HP: 18/18 MP: 1/1
   195 | D:1      | Reached XP level 2. HP: 24/24 MP: 2/2
   663 | D:1      | Reached XP level 3. HP: 27/30 MP: 3/3
  1177 | D:2      | Found a faded altar of an unknown god.
  1200 | D:2      | Prayed at the altar of an unknown god.
  1200 | D:2      | Became a worshipper of Vehumet
  1200 | D:2      | Reached * piety under Vehumet
  1200 | D:2      | Offered knowledge of Freeze by Vehumet.
  1201 | D:2      | Fell from the grace of Vehumet
  1781 | D:2      | Reached XP level 4. HP: 37/37 MP: 4/4
  1847 | D:2      | Found a runed translucent door.
  1848 | D:2      | Noticed Crazy Yiuf
  1858 | D:2      | Killed Crazy Yiuf
  2247 | D:3      | Noticed Terence
  2254 | D:3      | Killed Terence
  2255 | D:3      | Reached XP level 5. HP: 40/43 MP: 5/5
  2310 | D:3      | Reached skill level 1 in Staves
  2463 | D:3      | Found an iron altar of Okawaru.
  2463 | D:3      | Noticed Grinder
  2472 | D:3      | Killed Grinder
  2473 | D:3      | Reached skill level 5 in Fighting
  2473 | D:3      | Reached skill level 5 in Armour
  2473 | D:3      | Reached XP level 6. HP: 12/51 MP: 6/6
  2701 | D:3      | Became a worshipper of Warmaster Okawaru
  2712 | D:3      | Found a shimmering blue altar of Sif Muna.
  2715 | D:3      | Found a radiant altar of Vehumet.
  2718 | D:3      | Found a burning altar of Makhleb.
  2875 | D:3      | Noticed an ogre
  2892 | D:3      | Killed an ogre
  2893 | D:3      | Reached XP level 7. HP: 56/56 MP: 7/7
  3672 | D:4      | Found a runed translucent door.
  3674 | D:4      | Noticed Isauros's ghost (amateur MiHu)
  4451 | D:5      | Entered Level 5 of the Dungeon
  4500 | D:5      | Reached * piety under Okawaru
  4666 | D:5      | Reached XP level 8. HP: 64/64 MP: 8/8
  4771 | D:5      | Found a shadowy altar of Dithmenos.
  5236 | D:6      | Reached skill level 5 in Maces & Flails
  5263 | D:6      | Reached ** piety under Okawaru
  5401 | D:6      | Reached XP level 9. HP: 71/72 MP: 9/9
  5418 | D:6      | Found a staircase to the Ecumenical Temple.
  5442 | D:6      | Identified a scroll of acquirement
  5442 | D:6      | Acquired the ring of the Postmodern Souls {Contam Fly rElec
                  | rCorr Slay+2}
  5525 | D:6      | Found a hazy altar of Hepliaklqana.
  6058 | D:7      | Found Xerainlu's Book Emporium.
  6491 | D:7      | Found a shimmering altar of Xom.
  6644 | D:7      | Noticed a hornet
  6660 | D:7      | Killed a hornet
  6737 | D:7      | Reached *** piety under Okawaru
  6904 | D:7      | Reached XP level 10. HP: 26/82 MP: 7/10
  6915 | D:7      | Reached skill level 5 in Staves
  6975 | D:7      | Reached **** piety under Okawaru
  7991 | D:8      | Was forgiven by Vehumet
  8167 | D:8      | Noticed Maggie
  8174 | D:8      | Maggie changed into Maggie the shapeshifter
  8180 | D:8      | Noticed Maggie
  8180 | D:8      | Maggie the basilisk changed into Maggie the black mamba
  8191 | D:8      | Killed Maggie the black mamba
  8509 | D:8      | Noticed a two-headed ogre
  8517 | D:8      | HP: 2/85 [two-headed ogre/+0 giant spiked club (29)]
  8524 | D:8      | Killed a two-headed ogre
  8525 | D:8      | Reached skill level 10 in Fighting
  8525 | D:8      | Reached skill level 10 in Armour
  8831 | D:8      | Noticed a tengu warrior
  8854 | D:8      | Killed a tengu warrior
  9575 | D:9      | Reached XP level 11. HP: 82/92 MP: 11/11
  9903 | D:9      | Reached skill level 1 in Invocations
 10069 | D:9      | Found an opulent altar of Gozag.
 10069 | D:9      | Found a glowing silver altar of Zin.
 10116 | D:9      | Reached ***** piety under Okawaru
 10373 | D:9      | Noticed a two-headed ogre
 10403 | D:9      | Killed a two-headed ogre
 10407 | D:9      | Received a gift from Okawaru
 10869 | D:10     | Entered Level 10 of the Dungeon
 11161 | D:10     | Reached skill level 5 in Invocations
 11368 | D:10     | Found a stormy altar of Qazlal.
 11421 | D:10     | Found a staircase to the Lair.
 11994 | D:10     | Reached XP level 12. HP: 59/101 MP: 15/15
 12244 | D:11     | Found a staircase to the Orcish Mines.
 12484 | D:11     | Found a blossoming altar of Fedhas.
 12539 | D:11     | Identified the +10 demon whip of the Sheltering Saviour
                  | {venom, rElec rCorr SInv Stlth-} (Okawaru gifted it to you
                  | on level 11 of the Dungeon)
 12539 | D:11     | Received a gift from Okawaru
 12542 | D:11     | Noticed Urug
 12549 | D:11     | Killed Urug
 13154 | D:12     | Noticed a two-headed ogre
 13174 | D:12     | Reached ****** piety under Okawaru
 13174 | D:12     | Identified the +1 pair of boots "Akaocugh" {Str+7} (Okawaru
                  | gifted it to you on level 12 of the Dungeon)
 13174 | D:12     | Received a gift from Okawaru
 13193 | D:12     | Killed a two-headed ogre
 13406 | D:12     | Noticed a boulder beetle
 13439 | D:12     | Killed a boulder beetle
 13440 | D:12     | Reached skill level 10 in Maces & Flails
 13440 | D:12     | Reached XP level 13. HP: 43/111 MP: 16/16
 14401 | D:13     | Noticed Jorgrun
 14401 | D:13     | Noticed a centaur warrior
 14406 | D:13     | Killed a centaur warrior
 14451 | D:12     | Killed from afar by Jorgrun

Illustrated notes

Levels and vault maps discovered:
D:1:      dreamdust_arrival_sigmund_warning, layout_basic
D:2:      layout_basic, chequers_ecumenical_altar_island,
          uniq_crazy_yiuf_cottage
D:3:      layout_basic, grunt_temple_overflow_cloverleaf, uniq_grinder,
          uniq_terence
D:4:      layout_layer_cave, ebering_ghost_sewer_d, due_unseen_surprise
D:5:      nicolae_BIG_FREAKIN_CUBE, layout_loops_ring,
          nicolae_dithmenos_through_a_glass_darkly
D:6:      layout_cave_pools, mainiacjoe_overflow_alcove_2,
          minmay_temple_entry_nine_rooms
D:7:      layout_gridville, xom_teletrap_fun, serial_shops, nicolae_shop_trees
D:8:      layout_basic, minmay_microvault, uniq_maggie
D:9:      layout_basic, grunt_temple_overflow_gold_and_silver
D:10:     layout_stronghold, mainiacjoe_overflow_catwalk
D:11:     layout_cave_pools, hiddenorc1_lemuel, fedhas_altar_2, uniq_urug
D:12:     layout_basic
D:13:     minmay_the_grid_net [minmay_the_grid_outer_circle,
          minmay_the_grid_spikes, minmay_the_grid_dragon_b,
          minmay_the_grid_plusring, minmay_the_grid_doors,
          minmay_the_grid_prize_trominoes], layout_cave_pools,
          gammafunk_ghost_berserking_beasts, uniq_jorgrun

Skill      XL: |  1  2  3  4  5  6  7  8  9 10 11 12 |
---------------+-------------------------------------+-----
Fighting       | 4 5 6 7 8 10 11 13 | 13.3
Maces & Flails | 3 4 5 6 8 10 | 10.3
Armour         | 4 5 6 7 8 10 11 13 | 13.3
Staves         | 2 4 6 |  6.3
Invocations    | 5 |  5.0
Shields        | |  4.0

Action                   |  1- 3 |  4- 6 |  7- 9 | 10-12 | 13-15 || total
-------------------------+-------+-------+-------+-------+-------++-------
Melee: Flail             |   101 |     7 |       |       |       ||   108
       Quarterstaff      |       |    51 |   210 |    65 |       ||   326
       Giant spiked club |       |       |     5 |   234 |       ||   239
       Demon whip        |       |       |       |   151 |    48 ||   199
Invok: Renounce Religion |     1 |       |       |       |       ||     1
       Heroism           |       |       |     1 |     5 |       ||     6
 Abil: Dig               |       |       |     2 |     2 |       ||     4
Evoke: Wand              |       |       |       |     1 |       ||     1
  Use: Scroll            |       |       |    13 |     5 |     2 ||    20
       Potion            |       |       |     1 |     4 |     1 ||     6
 Stab: Petrified         |       |       |     2 |       |       ||     2
       Paralysed         |       |       |     1 |     1 |       ||     2
       Distracted        |       |       |       |     1 |       ||     1
Armor: Scale mail        |    36 |     8 |    64 |    74 |       ||   182
       Plate armour      |       |       |       |   167 |    19 ||   186
Dodge: Dodged            |    34 |    21 |    63 |   152 |     9 ||   279
Block: Buckler           |    29 |    36 |   105 |    58 |    15 ||   243
       Reflection        |       |       |     8 |     4 |     1 ||    13
       Other             |       |       |     1 |    74 |       ||    75
